 Dungeon Crawl Stone Soup version 0.32-a0-576-g706899e69d (webtiles) character file.

Game seed: 6341346106101587550

147 hikkokomori the Firebug (level 5, -1/47 HPs)
             Began as a Mountain Dwarf Cinder Acolyte on Mar 1, 2024.
             Was a High Priest of Ignis.
             Slain by a gnoll
             ... wielding a +0 spear
             ... led by a gnoll bouda
              (7 damage)
             ... on level 4 of the Dungeon.
             The game lasted 00:05:34 (2708 turns).

hikkokomori the Firebug (MDCA)                      Turns: 2708, Time: 00:05:34

Health: -1/47      AC: 15    Str: 17    XL:     5   Next: 8%
Magic:  6/6        EV:  7    Int: 16    God:    Ignis [*****.]
Gold:   236        SH:  0    Dex:  5    Spells: 6/6 levels left

rFire   + . .        a - -1 mace (flame)
rCold   . . .        (no shield)
rNeg    . . .        n - +0 chain mail
rPois   .            (no helmet)
rElec   .            (no cloak)
rCorr   .            (no gloves)
SInv    .            (no boots)
Will    +....        (no amulet) Stlth
                     k - ring of willpower
HPRegen 0.27/turn    (no ring)
MPRegen 0.10/turn

%: no passive effects
@: fiery-armoured
A: runic magic, artefact enchanting
a: Renounce Religion, Fiery Armour, Foxfire Swarm, Rising Flame


You were on level 4 of the Dungeon.
You worshipped Ignis.
Ignis was extremely pleased with you.
You visited 1 branch of the dungeon, and saw 4 of its levels.

You collected 236 gold pieces.

Inventory:

Hand Weapons
 a - a -1 mace of flaming (weapon)
 h - a +1 antimagic falchion
Armour
 b - a +0 robe
 i - a +0 ring mail
 n - a +0 chain mail (worn)
 p - a +0 plate armour
Jewellery
 k - a ring of willpower (left hand)
Talismans
 v - a talisman of death
Wands
 r - a wand of quicksilver (3)
Scrolls
 d - a scroll of fear {unknown}
 e - a scroll of fog {unknown}
 f - a scroll of teleportation
 j - 2 scrolls of amnesia {unknown}
 s - 2 scrolls of blinking {unknown}
 t - a scroll of brand weapon {unknown}
Potions
 c - 6 potions of curing
 l - 2 potions of cancellation
 m - a potion of heal wounds {unknown}
 o - a potion of might {unknown}
 q - 2 potions of lignification
 u - a potion of haste


   Skills:
 + Level 4.6 Fighting
 + Level 4.9 Maces & Flails
 - Level 1.1 Spellcasting
 + Level 4.9 Fire Magic


You had 6 spell levels left.
You didn't know any spells.
Your spell library contained the following spells:

 Spells                   Type           Power      Damage    Failure   Level
 Scorch                   Fire           32%        2d6       9%          2
 Ensorcelled Hibernation  Hex/Ice        0%         N/A       54%         2
 Passwall                 Erth           0%         N/A       77%         3
 Swiftness                Air            0%         N/A       77%         3


Dungeon Overview and Level Annotations

Branches:
Dungeon (4/15)
 Temple: D:4-7

Altars:
Uskayaw
Zin


Innate Abilities, Weirdness & Mutations

Your spellcasting is much less encumbered by armour.
You can use scrolls of enchantment on lesser artefacts.


Message History

You barely miss the gnoll. The gnoll hits you with a +0 club.
The gnoll bouda hits you but does no damage.
You sock the gnoll! You burn the gnoll.
The gnoll is almost dead.
The gnoll hits you but does no damage. The gnoll bouda barely misses you.
A protective cloak of flame settles atop you.
The gnoll hits you but does no damage.
The gnoll is burned by your cloak of flames.
You kill the gnoll!
The gnoll bouda hits you with a +0 club.
* * * LOW HITPOINT WARNING * * *
The gnoll bouda is burned by your cloak of flames.
The gnoll bouda is moderately wounded.
You hit the gnoll bouda. You burn the gnoll bouda.
The gnoll bouda is heavily wounded.
The gnoll bouda hits you with a +0 club.
* * * LOW HITPOINT WARNING * * *
The gnoll bouda is burned by your cloak of flames.
The gnoll bouda is severely wounded.
You hit the gnoll bouda but do no damage.
The gnoll bouda is severely wounded.
The gnoll bouda utters an invocation to its god.
The gnoll bouda is healed somewhat.
You hit the gnoll bouda. You burn the gnoll bouda.
The gnoll bouda is almost dead.
The gnoll bouda hits you but does no damage.
The gnoll bouda is burned by your cloak of flames.
You kill the gnoll bouda!
You have reached level 5!
You climb downwards.
There is a stone staircase leading up, spattered with blood here.
The gnoll hits you with a +0 spear.
* * * LOW HITPOINT WARNING * * *
The gnoll is burned by your cloak of flames.
The gnoll is heavily wounded.
You hit the gnoll. You burn the gnoll.
The gnoll is heavily wounded.
The gnoll hits you with a +0 spear!
You die...
Ignis goes out, and joins you in death.

###.....## .
##.......## .
##.........#
##..........##
##............##
##..............###
#.................#
.....................
...##...g@<...........
. #.................
#.......#########.
#.....?... #.......###
#.......# #.......#
#......##


You could see a gnoll.

Vanquished Creatures
  A gnoll bouda (D:3)
  2 gnolls (D:3)
  3 adders
  2 dart slugs (D:3)
  5 orcs (D:3)
  6 ball pythons
  9 endoplasms
  2 giant cockroaches
  4 goblins
  7 hobgoblins
  3 jackals (D:1)
  5 quokkas
  4 bats
  6 kobolds
  A rat (D:1)
60 creatures vanquished.

Notes
Turn   | Place    | Note
-------+----------+-------------------------------------------
     0 | D:1      | hikkokomori the Mountain Dwarf Cinder Acolyte began the
                  | quest for the Orb.
     0 | D:1      | Reached XP level 1. HP: 19/19 MP: 2/2
   148 | D:1      | Reached XP level 2. HP: 20/26 MP: 3/3
   521 | D:1      | Found a faded altar of an unknown god.
   657 | D:1      | Reached XP level 3. HP: 33/33 MP: 4/4
  1408 | D:3      | Found a glowing silver altar of Zin.
  1417 | D:3      | Noticed a +0 short sword
  1435 | D:3      | Reached XP level 4. HP: 26/40 MP: 5/5
  1520 | D:3      | Found a hide-covered altar of Uskayaw.
  1526 | D:3      | Noticed a +0 spear
  1526 | D:3      | Noticed a +0 dagger
  1527 | D:3      | Noticed a +0 spear
  1527 | D:3      | Noticed a +0 dagger
  1529 | D:3      | Noticed a +0 short sword
  1529 | D:3      | Noticed a +0 falchion
  1530 | D:3      | Noticed a +0 falchion
  2705 | D:3      | Reached XP level 5. HP: 9/47 MP: 6/6
  2708 | D:4      | Slain by a gnoll

Illustrated notes

Levels and vault maps discovered:
D:1:      zaba_arrival_water, layout_basic, ebering_ecumenical_altar_ruins
D:2:      layout_loops_ring
D:3:      layout_loops_corners, zin_academy, nicolae_uskayaw_en_pointe
D:4:      minmay_bubble_buster, layout_layer_cave,
          nicolae_dithmenos_the_darkroom, marbit_many_paths, st_stairs_13,
          minmay_misc_feat_ornament, nicolae_shop_fire_sale
          [nicolae_sub_dead_trees]

Skill      XL: |  1  2  3 |
---------------+----------+-----
Maces & Flails | 4 |  4.9
Fire Magic     | 4 |  4.9
Fighting       | 4 |  4.6
Spellcasting   | |  1.1

Action                     |  1- 3 |  4- 6 || total
---------------------------+-------+-------++-------
  Melee: Mace              |   143 |    91 ||   234
 Invoke: Fiery Armour      |       |     2 ||     2
    Use: Scroll            |     1 |     4 ||     5
 Armour: Robe              |    24 |       ||    24
         Ring mail         |    24 |       ||    24
         Chain mail        |    63 |   102 ||   165
  Dodge: Dodged            |    92 |    24 ||   116

Table legend: (Time is in decaauts)
 A = Elapsed time spent in this place.
 B = Non-inter-level travel time spent in this place.
 C = Inter-level travel time spent in this place.
 D = Time resting spent in this place.
 E = Time spent auto-exploring this place.
 F = Levels seen in this place.
 G = Mean time per level.
                   A        B        C        D        E       F      G
               +--------+--------+--------+--------+--------+-----+--------+
         Total |   2758 |   2687 |     71 |    140 |   1953 |   4 |  689.5 |
       Dungeon |   2758 |   2687 |     71 |    140 |   1953 |   4 |  689.5 |
               +--------+--------+--------+--------+--------+-----+--------+

Top non-repeatable levels by time:
     D:3: 1271 daAuts
     D:1: 750 daAuts
     D:2: 685 daAuts
     D:4: 51 daAuts
